 Dungeon Crawl Stone Soup version 0.30-a0-824-g6c64550be9 (webtiles) character file.

Game seed: 6787987470345016143

115992 retardedninja the Severer (level 16, -21/139 HPs)
             Began as a Hill Orc Fighter on Feb 27, 2023.
             Was the Champion of Hepliaklqana.
             Blown up by an orb spider (66 damage)
             ... with an orb of destruction
             ... on level 1 of the Spider Nest.
             The game lasted 00:44:42 (25217 turns).

retardedninja the Severer (Hill Orc Fighter)       Turns: 25217, Time: 00:44:42

Health: -21/139    AC: 31    Str: 33    XL:     16   Next: 70%
Magic:  0/32       EV:  8    Int: 11    God:    Hepliaklqana [******]
Gold:   1912       SH:  7    Dex: 10    Spells: 15/15 levels left

rFire   + + +      SeeInvis .    a - +5 war axe (flame)
rCold   + . .      Faith    .    c - +0 buckler
rNeg    + . .      Spirit   +    N - +3 plate armour {rN+}
rPois   +          Reflect  .    C - +0 helmet "Puttoici" {Contam rF+++ Regen+}
rElec   +          Harm     .    K - +2 cloak {Stlth+}
rCorr   .          Rampage  .    J - +2 pair of gloves
Will    +....                    q - +0 pair of boots Stlth
                                 A - amulet of Dim Light {Spirit rElec rC+ MP+9 Int+3}
HPRegen 1.23/turn                j - +6 ring of strength
MPRegen 0.23/turn                b - ring of poison resistance

@: no status effects
A: reduced essence
a: Renounce Religion, Recall Ancestor, Ancestor Identity, Transference, Idealise


You were on level 1 of the Spider Nest.
You worshipped Hepliaklqana.
Hepliaklqana was exalted by your worship.
You visited 5 branches of the dungeon, and saw 24 of its levels.

You collected 2998 gold pieces.
You spent 1086 gold pieces at shops.

Inventory:

Hand Weapons
 a - a +5 war axe of flaming (weapon)
 I - a +0 broad axe
Missiles
 x - 3 throwing nets (quivered)
Armour
 c - a +0 buckler (worn)
 q - a +0 pair of boots (worn)
 C - the +0 helmet "Puttoici" (worn) {Contam rF+++ Regen+}
   (You found it on level 6 of the Dungeon)

   rF:        It renders you almost immune to fire.
   Contam:    It causes magical contamination when unequipped.
   Regen:     It increases your rate of health regeneration.
 J - a +2 pair of gloves (worn)
 K - a +2 cloak of stealth (worn)
 N - a +3 plate armour of positive energy (worn)
Jewellery
 b - a ring of poison resistance (right hand)
 j - a +6 ring of strength (left hand)
 A - the amulet of Dim Light (around neck) {Spirit rElec rC+ MP+9 Int+3}
   (You found it on level 1 of the Spider Nest)

   [amulet of guardian spirit]

   It causes incoming damage to be divided between your reserves of health and
   magic.
   Int:       It affects your intelligence (+3).
   rC:        It protects you from cold.
   rElec:     It insulates you from electricity.
   MP:        It affects your magic capacity (+9).
Wands
 i - a wand of flame (32)
 k - a wand of charming (45)
 l - a wand of light (9)
 y - a wand of iceblast (1)
 F - a wand of mindburst (8)
 H - a wand of polymorph (5)
 R - a wand of digging (4)
Scrolls
 e - 3 scrolls of fog
 n - 7 scrolls of teleportation
 p - a scroll of immolation
 r - 6 scrolls of amnesia
 t - 10 scrolls of fear
 z - a scroll of magic mapping
 D - 2 scrolls of poison
 E - 2 scrolls of blinking
 L - a scroll of vulnerability
 M - a scroll of summoning
 Q - a scroll of silence
Potions
 d - 2 potions of might
 f - 4 potions of flight
 g - 5 potions of mutation
 h - 3 potions of brilliance
 m - 2 potions of cancellation
 o - a potion of attraction
 s - 9 potions of ambrosia
 u - a potion of curing
 v - a potion of invisibility
 P - a potion of magic
 S - a potion of resistance
Miscellaneous
 w - a phantom mirror (inert)
 B - a condenser vane


   Skills:
 + Level 17.3 Fighting
 * Level 18.6 Axes
 + Level 0.6 Throwing
 + Level 16.0 Armour
 + Level 16.0 Shields
 - Level 10.5 Invocations


You had 15 spell levels left.
You didn't know any spells.
Your spell library contained the following spells:

 Spells                   Type           Power      Damage    Failure   Level
 Freeze                   Ice            0%         1d3       87%         1
 Magic Dart               Conj           0%         1d3       87%         1
 Summon Small Mammal      Summ           0%         N/A       87%         1
 Cigotuvi's Dreadful Rot  Necr/Pois/Air  0%         N/A       95%         2
 Poisonous Vapours        Pois/Air       0%         N/A       95%         2
 Searing Ray              Conj           0%         2d4       95%         2
 Call Canine Familiar     Summ           0%         N/A       99%         3
 Frozen Ramparts          Ice            0%         1d1       99%         3
 Gell's Gravitas          Tloc           0%         N/A       99%         3
 Hailstorm                Conj/Ice       0%         3d3       99%         3
 Mephitic Cloud           Conj/Pois/Air  0%         N/A       99%         3
 Summon Guardian Golem    Hex/Summ       0%         N/A       99%         3
 Teleport Other           Tloc           0%         N/A       99%         3
 Tukima's Dance           Hex            0%         N/A       99%         3
 Cause Fear               Hex            0%         N/A       100%        4
 Fulminant Prism          Conj/Hex       0%         3d5       100%        4
 Olgreb's Toxic Radiance  Pois           0%         N/A       100%        4
 Passage of Golubria      Tloc           0%         N/A       100%        4
 Freezing Cloud           Conj/Ice/Air   0%         6-21      100%        5
 Yara's Violent Unravell  Hex/Tmut       0%         3d3       100%        5
 Dispersal                Tloc           0%         N/A       100%        6
 Simulacrum               Ice/Necr       0%         N/A       100%        6
 Dragon Form              Tmut           0%         N/A       100%        7
 Ozocubu's Refrigeration  Ice            0%         4d7       100%        7
 Ignition                 Fire           0%         3d3       100%        8
 Dragon's Call            Summ           0%         N/A       100%        9
 Polar Vortex             Ice            0%         N/A       100%        9


Dungeon Overview and Level Annotations

Branches:
Dungeon (15/15)            Temple (1/1) D:7            Lair (5/5) D:11
 Shoals (0/4) Lair:2       Spider (1/4) Lair:2        Slime (0/5) Lair:5
    Orc (2/2) D:11            Elf (0/3) Orc:2        Vaults (0/5) D:14
 Depths (0/4) D:15

Altars:
Ashenzari
Cheibriados
Dithmenos
Elyvilon
Fedhas
Gozag
Hepliaklqana
Kikubaaqudgha
Makhleb
Nemelex Xobeh
Okawaru
Qazlal
Ru
Sif Muna
Trog
Uskayaw
Vehumet
Wu Jian
Xom
Yredelemnul
Zin
The Shining One
Beogh
Jiyva

Shops:
D:7 =*:!   D:8 ==   D:10 :   D:15 ?   Orc:1 ?   Orc:2 (?([

Annotations:
D:8 3 runed translucent doors
D:14 2 transporters, sirJeffrey23's ghost, journeyman DsFi
Lair:4 2 transporters, Hyaharphifiu's ghost, journeyman DsFE


Message History

You block the redback's attack. The redback bites you.
You block the redback's attack.
You slash the redback! You burn the redback.
The redback is almost dead.
You slash the redback! You burn the redback.
You kill the redback!
You closely miss the redback.
You feel extremely sick. The redback bites you.
The redback bites you but does no damage.
You hit the redback. You burn the redback.
You kill the redback!
You slash the redback! You burn the redback.
You kill the redback!
You feel very sick.
The orb spider spins a strand of pure energy.
Your Armour skill increases to level 16!
You feel very sick.
The orb spider weaves a glowing orb of energy.
An orb of destruction comes into view.
Aiming: Phantom Mirror
Press: ? - help, Q - select action, (/) - cycle Dir - move target, f - orb spider
Aim: an orb spider You reflect the orb spider with the mirror!
The mirror clouds!
You feel very sick.
You feel very sick. The orb of destruction hits you!!!
* * * LOW HITPOINT WARNING * * *
You feel very sick.
You feel better.
You feel better.
The orb spider pulsates with a strange energy.
Your orb spider pulsates with a strange energy.
Your orb spider shimmers and vanishes!
The orb spider weaves a glowing orb of energy.
An orb of destruction comes into view.
The orb spider spins a strand of pure energy.
The orb of destruction hits you!!!!
You die...

.##...#########
#...#....?.†..##
..#..#.######..#
.#..#..# ##.##
.....#.# #..##
#.#.#.###### ##..##
.....###..s#####^.#
###.##.#...○°..##.#
..###.#.°#...○☼○@.#
.#####s†.##..#....#
#..##.s#.######..##
...###^###,*,*####
..###††.#*,,,,,**
#..###..#s,,,,,,*
##.# ##..,,,,,,,*
#.## *.#.,,,,,**
...## *###.,,,,,*


You could see an orb spider (charged).

Vanquished Creatures
  Kirke (D:14)
  Agnes (D:15)
  A dire elephant (Lair:5)
  A fire dragon (Lair:5)
  Fannar (Lair:2)
  5 hydras
  2 catoblepae (Lair:5)
  Erica (D:8)
  A two-headed ogre (D:8)
  4 centaur warriors
  An alligator (Lair:5)
  4 orc high priests
  A death yak (Lair:5)
  A titan zombie (D:15)
  4 skysharks
  Nergalle (Lair:3)
  A pharaoh ant (Spider:1)
  6 skeletal warriors
  4 orc knights
  A lindwurm (Lair:5)
  2 wolf spiders (Spider:1)
  A necromancer (D:15)
  16 ugly things
  A deep elf zephyrmancer (D:14)
  3 deep elf pyromancers (D:15)
  A cyclops (shapeshifter) (D:14)
  A manticore (D:15)
  4 orc sorcerers (Orc:2)
  6 elephants (Lair:5)
  3 cyclopes
  A water nymph (Lair:2)
  5 black mambas
  3 centaur skeletons (D:14)
  16 cane toads
  A gargoyle (D:12)
  Maggie (Lair:2)
  A demonic crawler (Spider:1)
  2 unseen horrors
  3 komodo dragons
  2 yaktaurs (D:15)
  An efreet (D:13)
  2 freezing wraiths (D:14)
  8 rime drakes
  2 meliai (Spider:1)
  4 trolls
  A guardian mummy (D:15)
  A queen bee (Lair:2)
  2 polar bears
  A hornet (D:10)
  An ettin zombie (D:15)
  3 tarantellas (Spider:1)
  2 dream sheep (Lair:5)
  15 blink frogs
  5 culicivoras (Spider:1)
  4 slime creatures
  2 jumping spiders (Spider:1)
  2 wraiths (D:15)
  44 yaks
  5 basilisks
  2 wyverns
  2 hogs (D:14)
  3 steam dragons
  18 redbacks (Spider:1)
  3 vampire mosquitoes (D:13)
  4 wargs (Orc:1)
  An acid dragon (Lair:5)
  8 water moccasins
  A swamp drake (Lair:5)
  15 orc warriors
  A sky beast (D:8)
  An ice beast (D:7)
  9 ogres
  4 black bears
  20 wolves
  An ogre (shapeshifter) (D:13)
  A boggart (D:14)
  A phantom (D:5)
  5 centaurs
  2 kobold brigands (D:14)
  2 necrophages
  8 bullfrogs
  A gnoll sergeant (D:10)
  2 scorpions
  7 wights
  19 killer bees
  6 howler monkeys
  4 electric eels
  4 hounds
  2 jellies
  14 orc priests
  A gnoll bouda (D:8)
  Terence (D:2)
  4 hell rats (Lair:5)
  3 iguanas
  9 orc wizards
  Robin (D:3)
  13 gnolls
  7 adders
  An ufetubus (D:6)
  2 worms
  3 dart slugs
  61 orcs
  9 bats
  6 endoplasms
  8 giant cockroaches
  12 goblins
  8 hobgoblins
  8 jackals
  12 kobolds
  6 quokkas
  9 ball pythons
  6 frilled lizards
  6 rats
587 creatures vanquished.

Vanquished Creatures (collateral kills)
  Nessos (Orc:2)
  Josephine (D:15)
  A hydra (Lair:5)
  A catoblepas (Lair:2)
  A death knight (D:14)
  3 boulder beetles
  A centaur warrior (D:15)
  2 death yaks (Lair:5)
  A vampire mage (D:15)
  A fire crab (Lair:5)
  A deep elf knight (D:14)
  An orb spider (Spider:1)
  Lodul (D:13)
  3 orc knights
  A swamp dragon (Lair:5)
  A harpy (shapeshifter) (D:14)
  A deep elf pyromancer (D:12)
  A deep elf zephyrmancer (D:14)
  A lindwurm (Lair:5)
  A sphinx zombie (D:15)
  4 ugly things
  2 cyclopes
  A fire giant skeleton (D:15)
  A manticore (Lair:5)
  A demonic crawler (Spider:1)
  7 slime creatures
  3 elephants (Lair:5)
  2 black mambas
  A centaur skeleton (D:14)
  2 gargoyles
  2 cane toads (Lair:5)
  5 rime drakes
  3 komodo dragons
  A yaktaur (D:15)
  2 freezing wraiths (D:14)
  A meliai (Spider:1)
  3 trolls
  A hornet (D:10)
  2 blink frogs
  22 yaks
  2 wraiths (D:15)
  A vampire (D:11)
  2 hogs (D:14)
  3 steam dragons
  7 redbacks (Spider:1)
  A warg (shapeshifter) (D:14)
  An acid dragon (D:8)
  4 water moccasins
  15 orc warriors
  2 black bears (Lair:5)
  6 ogres
  5 wolves
  4 centaurs
  2 kobold brigands
  4 bullfrogs
  6 killer bees
  A hound (D:6)
  6 orc priests
  A gnoll bouda (Orc:1)
  6 orc wizards
  A hell rat (Lair:5)
  2 gnolls
  21 orcs
194 creatures vanquished.

Vanquished Creatures (others)
  An iguana (Lair:5)
  11 knights
  A hobgoblin (D:3)
  A bush (Lair:5)
  26 fungi
  61 plants
  7 withered plants (D:15)
108 creatures vanquished.

Grand Total: 889 creatures vanquished

Notes
Turn   | Place    | Note
-------+----------+-------------------------------------------
     0 | D:1      | retardedninja the Hill Orc Fighter began the quest for the
                  | Orb.
     0 | D:1      | Reached XP level 1. HP: 19/19 MP: 1/1
   209 | D:1      | You fall into a shaft and drop 1 floor!
   219 | D:2      | Reached XP level 2. HP: 26/27 MP: 2/2
   237 | D:2      | Reached skill level 3 in Axes
   349 | D:2      | Noticed Terence
   359 | D:2      | Killed Terence
   360 | D:2      | Reached XP level 3. HP: 19/33 MP: 3/3
  1025 | D:1      | Reached XP level 4. HP: 38/40 MP: 4/4
  1951 | D:2      | Reached skill level 4 in Axes
  1951 | D:2      | Reached XP level 5. HP: 47/47 MP: 5/5
  2500 | D:3      | Noticed Robin
  2527 | D:3      | Killed Robin
  2898 | D:3      | Reached skill level 5 in Fighting
  2899 | D:3      | Reached XP level 6. HP: 56/56 MP: 6/6
  3417 | D:4      | Reached skill level 5 in Axes
  3483 | D:4      | Reached skill level 5 in Armour
  3483 | D:4      | Reached skill level 5 in Shields
  3483 | D:4      | Reached XP level 7. HP: 53/61 MP: 7/7
  4065 | D:5      | Entered Level 5 of the Dungeon
  4131 | D:5      | Reached skill level 6 in Axes
  4419 | D:5      | Found a glowing golden altar of the Shining One.
  4419 | D:5      | Found an ancient bone altar of Kikubaaqudgha.
  4426 | D:5      | Found a hazy altar of Hepliaklqana.
  4429 | D:5      | Found a hide-covered altar of Uskayaw.
  4435 | D:5      | Reached XP level 8. HP: 71/71 MP: 8/8
  4436 | D:5      | Became a worshipper of Hepliaklqana the Forgotten
  4439 | D:5      | Found a sparkling altar of Nemelex Xobeh.
  4442 | D:5      | Found an iron altar of Okawaru.
  5127 | D:6      | Identified the +0 helmet "Puttoici" {Contam rF+++ Regen+}
  5233 | D:6      | Reached * piety under Hepliaklqana
  5634 | D:7      | Reached skill level 7 in Axes
  5689 | D:7      | Found Nuen's Distillery.
  5693 | D:7      | Bought a potion of curing for 39 gold pieces
  5693 | D:7      | Bought a potion of heal wounds for 65 gold pieces
  5693 | D:7      | Bought a potion of curing for 39 gold pieces
  5693 | D:7      | Bought a potion of invisibility for 104 gold pieces
  5718 | D:7      | Found a staircase to the Ecumenical Temple.
  5783 | Temple   | Entered the Ecumenical Temple
  6100 | D:7      | Found Kaorch's General Store.
  6108 | D:7      | Bought a potion of haste for 140 gold pieces
  6156 | D:7      | Reached XP level 9. HP: 71/71 MP: 9/9
  6186 | D:7      | Found Intacot's Jewellery Boutique.
  6234 | D:7      | Found Luinka's Book Shoppe.
  6547 | D:8      | Noticed a white ugly thing
  6547 | D:8      | Found a runed translucent gate.
  6547 | D:8      | Found a runed translucent gate.
  6737 | D:8      | Reached skill level 8 in Axes
  6965 | D:8      | Found Vyath's Jewellery Boutique.
  7122 | D:8      | Found Piacet's Jewellery Shop.
  7227 | D:8      | Reached ** piety under Hepliaklqana
  7532 | D:8      | Found a runed translucent gate.
  7533 | D:8      | Noticed a green ugly thing
  7533 | D:8      | Noticed a glowing orange brain
  7533 | D:8      | Noticed a purple ugly thing
  7534 | D:8      | Noticed a red ugly thing
  7588 | D:9      | Found a flagged portal.
  7598 | D:9      | Noticed Erica
  8237 | D:8      | Remembered your ancestor that one autistic as a knight
  8266 | D:9      | Noticed a two-headed ogre
  8397 | D:8      | Killed a two-headed ogre
  8398 | D:8      | Reached skill level 9 in Axes
  8398 | D:8      | Reached XP level 10. HP: 34/81 MP: 7/10
  8614 | D:8      | Killed Erica
  8808 | D:9      | Noticed a brown ugly thing
  8816 | D:9      | Killed a brown ugly thing
  8817 | D:9      | Reached skill level 10 in Axes
  8988 | D:8      | Reached skill level 10 in Fighting
  9050 | D:9      | Identified the +2 scale mail of Charred Intercession
                  | {Stlth+}
  9104 | D:9      | Found a snail-covered altar of Cheibriados.
  9362 | D:10     | Entered Level 10 of the Dungeon
  9519 | D:10     | Found Enimny's Book Shoppe.
  9670 | D:10     | Reached skill level 11 in Axes
  9670 | D:10     | Reached XP level 11. HP: 63/90 MP: 11/11
  9814 | D:10     | Found a burning altar of Makhleb.
 10042 | D:10     | Reached *** piety under Hepliaklqana
 10259 | D:10     | Reached skill level 10 in Shields
 10309 | D:11     | Reached skill level 10 in Armour
 10410 | D:11     | Found a staircase to the Orcish Mines.
 10441 | D:11     | Noticed a centaur warrior
 10455 | D:11     | Killed a centaur warrior
 10713 | D:11     | Identified the +9 dagger "Gonunaw" {holy, rF+ Will+}
 11295 | D:11     | Reached skill level 12 in Axes
 11583 | D:11     | Found a staircase to the Lair.
 11719 | D:11     | Found a roughly hewn altar of Beogh.
 11851 | D:12     | Noticed a boulder beetle
 11871 | D:12     | Killed a boulder beetle
 12108 | D:12     | Noticed a deep elf pyromancer
 12121 | D:12     | Killed a deep elf pyromancer
 12304 | D:12     | Noticed a cyclops
 12312 | D:12     | Killed a cyclops
 12592 | D:12     | Reached **** piety under Hepliaklqana
 12692 | D:12     | Noticed a red ugly thing
 12703 | D:12     | Killed a red ugly thing
 12704 | D:12     | Reached XP level 12. HP: 100/100 MP: 12/12
 13008 | D:13     | Noticed a boulder beetle
 13028 | D:13     | Killed a boulder beetle
 13029 | D:13     | Reached skill level 1 in Invocations
 13051 | D:13     | Noticed Lodul
 13084 | D:13     | Killed Lodul
 13085 | D:13     | Reached skill level 13 in Axes
 13866 | D:14     | Noticed a centaur warrior
 13866 | D:14     | Noticed sirJeffrey23's ghost (journeyman DsFi)
 13879 | D:14     | Noticed a catoblepas
 13881 | D:14     | Reached ***** piety under Hepliaklqana
 13907 | D:14     | Noticed a death knight
 13921 | D:14     | Killed a death knight
 14133 | D:14     | Reached skill level 5 in Invocations
 14217 | D:14     | Reached XP level 13. HP: 55/109 MP: 17/17
 14239 | D:14     | Reached skill level 14 in Axes
 14343 | Lair:1   | Entered Level 1 of the Lair of Beasts
 15593 | Lair:2   | Found a hole to the Spider Nest.
 15959 | Lair:2   | Noticed Fannar
 15967 | Lair:2   | Killed Fannar
 16032 | Lair:2   | Noticed Maggie
 16040 | Lair:2   | Killed Maggie
 16140 | Lair:2   | You fall into a shaft and drop 2 floors!
 16211 | Lair:4   | Found a transporter.
 16217 | Lair:4   | Found a transporter.
 16220 | Lair:4   | Found a bloodstained altar of Trog.
 16220 | Lair:4   | Noticed Hyaharphifiu's ghost (journeyman DsFE)
 16381 | Lair:3   | Noticed Nergalle
 16389 | Lair:3   | Killed Nergalle
 16390 | Lair:3   | Reached skill level 15 in Axes
 16757 | Lair:3   | Reached XP level 14. HP: 97/118 MP: 20/20
 17786 | Lair:4   | Reached ****** piety under Hepliaklqana
 18233 | Lair:4   | Identified the +1 robe of Maqyr {Harm rF- Str+2 Int+4}
 18446 | Lair:5   | Entered Level 5 of the Lair of Beasts
 18746 | Lair:5   | Noticed a dire elephant
 18754 | Lair:5   | Killed a dire elephant
 18896 | Lair:5   | Reached skill level 10 in Invocations
 18957 | Lair:5   | Reached skill level 16 in Axes
 18960 | Lair:5   | Reached skill level 15 in Fighting
 19272 | Lair:5   | Reached XP level 15. HP: 120/126 MP: 22/22
 19501 | Lair:5   | Found a viscous altar of Jiyva.
 19501 | Lair:5   | Found a staircase to the Slime Pits.
 19607 | Lair:5   | Identified the +4 robe of Hairiness {Fly Dex+4}
 20225 | Orc:1    | Entered Level 1 of the Orcish Mines
 20730 | Orc:1    | Found Gecakh's Magic Scroll Boutique.
 20754 | Orc:1    | Bought a scroll of summoning for 161 gold pieces
 20754 | Orc:1    | Bought a scroll of enchant weapon for 127 gold pieces
 20954 | Orc:2    | Entered Level 2 of the Orcish Mines
 20963 | Orc:1    | Reached skill level 17 in Axes
 21195 | Orc:2    | Found a staircase to the Elven Halls.
 21274 | Orc:2    | Noticed Nessos
 21286 | Orc:2    | Killed Nessos
 21769 | Orc:2    | Reached skill level 15 in Shields
 21770 | Orc:2    | Reached skill level 15 in Armour
 21809 | Orc:2    | Found Mickeoghu's Antique Armour Boutique.
 21809 | Orc:2    | Found Jyivuos's Weapon Shoppe.
 21811 | Orc:2    | Found Luhatz's Antique Weapon Boutique.
 21811 | Orc:2    | Found Aphiucrist's Magic Scroll Shoppe.
 21823 | Orc:2    | Bought a scroll of enchant armour for 112 gold pieces
 21823 | Orc:2    | Bought a scroll of enchant armour for 112 gold pieces
 21823 | Orc:2    | Bought a scroll of enchant weapon for 112 gold pieces
 22179 | D:14     | Found a transporter.
 22180 | D:14     | Found a transporter.
 22186 | D:14     | Identified the +1 leather armour "Keliudgh" {Fly rCorr}
 22223 | D:14     | Noticed Kirke
 22240 | D:14     | Noticed a sphinx
 22241 | D:14     | Killed Kirke
 22531 | D:14     | Reached XP level 16. HP: 136/136 MP: 23/23
 22702 | D:14     | Found a gate to the Vaults.
 22890 | D:15     | Entered Level 15 of the Dungeon
 22953 | D:15     | Noticed Agnes
 22975 | D:15     | Killed Agnes
 23245 | D:15     | Found The Oracle's Delphic Readings.
 23253 | D:15     | Bought a scroll of enchant weapon for 75 gold pieces
 23270 | D:15     | Reached skill level 18 in Axes
 23283 | D:15     | Found a staircase to the Depths.
 23652 | D:15     | Noticed Josephine
 23664 | D:15     | Killed Josephine
 23959 | D:15     | Found a shimmering altar of Xom.
 24329 | Spider:1 | Entered Level 1 of the Spider Nest
 24833 | Spider:1 | Identified the amulet of Dim Light {Spirit rElec rC+ MP+9
                  | Int+3}
 25217 | Spider:1 | Blown up by an orb spider

Illustrated notes

Levels and vault maps discovered:
D:1:      tarquinn_simple_flora_water_e, layout_loops_corners
D:2:      minmay_razor_zed, layout_loops_ring, uniq_terence
D:3:      layout_basic, uniq_robin
D:4:      layout_loops_ring
D:5:      layout_rooms, nicolae_overflow_hallway_of_the_gods,
          hangedman_decor_riveting
D:6:      layout_basic
D:7:      layout_basic, minmay_temple_entry_crystal_x, serial_shops, shop,
          nicolae_shop_hallway_stairs, shop, shop
D:8:      layout_loops_corners, ploomutoo_gammafunk_ghost_potion_laboratory,
          serial_shops, kennysheep_little_box, nicolae_diamond_shop
D:9:      layout_cave_pools, mainiacjoe_overflow_brackets, enter_bailey_2,
          uniq_erica
D:10:     minmay_evil_eye, layout_irregular_city, bloody_makhleb, serial_shops,
          nicolae_shop_hallway_plus
D:11:     layout_loops_ring, lair_entry_dummy, minmay_orc_entry_temple_small,
          chequers_decorated_corner, kennysheep_decorative_pillar
D:12:     layout_stronghold, kennysheep_generic_room_16
D:13:     layout_long_grid, grunt_ogre_cave, uniq_lodul
D:14:     layout_irregular_city, hangedman_vaults_entry_quadrant_bands,
          nzn_ghost_randoct, uniq_kirke
D:15:     gammafunk_depths_entry_grave, layout_rooms, serial_park_gazebo
          [serial_park_minivault_5x5_2], minmay_misc_feat_ornament,
          nicolae_nh_oracle_at_delphi, uniq_josephine, uniq_agnes
Temple:   minmay_temple_curvy_branch
Lair:1:   layout_small_grid, serial_bayou_pond_d
Lair:2:   layout_roguey, nicolae_shoals_entry_flooding, dummy_spider_entry,
          special_room [special_room_bee], patterned_corridor, uniq_maggie,
          uniq_fannar
Lair:3:   layout_cellular_growth, dreamdust_deal_with_the_devil,
          infiniplex_staircase_pool_2, serial_bayou_shore_a, grunt_megastairs_2,
          uniq_nergalle
Lair:4:   layout_regular_city, gammafunk_ghost_wrathful_warriors,
          minmay_lair_drake_nest, infiniplex_staircase_pool, lemuel_fruit_tree
Lair:5:   guppyfry_lair_end_dragon, layout_loops_ring, hangedman_lair_in_review,
          slime_entry_1, minivault_26, nicolae_lair_lakeside_cave,
          serial_bayou_shore_b
Spider:1: lemuel_spider_zombies, nicolae_spider_baby_got_redback
Orc:1:    layout_diamond_mine, serial_shops, nicolae_shop_window_shopping
Orc:2:    grunt_orc_tribal_feast, layout_caves, uniq_nessos

Skill      XL: |  1  2  3  4  5  6  7  8  9 10 11 12 13 14 15 16 |
---------------+-------------------------------------------------+-----
Axes           | 3 4 5 6 7 9 11 12 13 15 16 17 18 | 18.6
Fighting       | 4 5 6 7 9 10 11 13 14 15 16 17 | 17.3
Shields        | 4 5 7 8 9 11 12 13 14 15 16 | 16.0
Armour         | 4 5 6 8 9 10 12 13 14 15 16 | 16.0
Invocations    | 5 8 10 | 10.5
Throwing       | |  0.6

Action                     |  1- 3 |  4- 6 |  7- 9 | 10-12 | 13-15 | 16-18 || total
---------------------------+-------+-------+-------+-------+-------+-------++-------
  Melee: War axe           |    70 |   196 |   247 |   404 |   778 |   259 ||  1954
         Unarmed           |       |       |       |       |     9 |       ||     9
 Invoke: Recall Ancestor   |       |       |     2 |     1 |     2 |       ||     5
         Ancestor Life: Kn |       |       |     1 |       |       |       ||     1
         Ancestor Identity |       |       |       |     2 |       |       ||     2
  Evoke: Wand              |       |       |       |       |     8 |    12 ||    20
         Condenser vane    |       |       |       |       |     2 |     1 ||     3
         Phantom mirror    |       |       |       |       |     1 |     2 ||     3
    Use: Potion            |       |     1 |     1 |     8 |    12 |     8 ||    30
         Scroll            |       |     8 |     6 |       |    24 |     4 ||    42
   Stab: Distracted        |       |       |       |     3 |     6 |       ||     9
         Invisible         |       |       |       |     4 |     1 |       ||     5
         Petrifying        |       |       |       |       |     1 |       ||     1
         Confused          |       |       |       |       |     5 |     2 ||     7
         Petrified         |       |       |       |       |     1 |       ||     1
 Armour: Scale mail        |    30 |   102 |    49 |       |       |       ||   181
         Skin              |       |     1 |       |       |       |       ||     1
         Chain mail        |       |       |    83 |    28 |       |       ||   111
         Plate armour      |       |       |       |   175 |   491 |   221 ||   887
  Dodge: Dodged            |    30 |   122 |   124 |   152 |   317 |    87 ||   832
  Block: Buckler           |    13 |    45 |    64 |   136 |   272 |   123 ||   653

Table legend: (Time is in decaauts)
 A = Elapsed time spent in this place.
 B = Non-inter-level travel time spent in this place.
 C = Inter-level travel time spent in this place.
 D = Time resting spent in this place.
 E = Time spent auto-exploring this place.
 F = Levels seen in this place.
 G = Mean time per level.
                   A        B        C        D        E       F      G
               +--------+--------+--------+--------+--------+-----+--------+
         Total |  25169 |  24067 |   1102 |   6111 |  13465 |  24 | 1048.7 |
       Dungeon |  16462 |  15706 |    756 |   4202 |   8708 |  15 | 1097.5 |
        Temple |    248 |    245 |      3 |      0 |    244 |   1 |  248.0 |
          Lair |   5790 |   5537 |    253 |   1197 |   3267 |   5 | 1158.0 |
   Spider Nest |    860 |    856 |      4 |    327 |    335 |   1 |  860.0 |
  Orcish Mines |   1807 |   1722 |     85 |    384 |    911 |   2 |  903.5 |
               +--------+--------+--------+--------+--------+-----+--------+

Top non-repeatable levels by time:
     D:8: 2437 daAuts
  Lair:5: 1664 daAuts
    D:11: 1599 daAuts
     D:2: 1354 daAuts
    D:12: 1291 daAuts
    D:15: 1286 daAuts
    D:14: 1191 daAuts
     D:3: 1101 daAuts
  Lair:3: 1072 daAuts
  Lair:4: 1062 daAuts
  Lair:1: 1042 daAuts
  Lair:2: 948 daAuts
   Orc:1: 940 daAuts
    D:10: 905 daAuts
     D:6: 887 daAuts
